 Dungeon Crawl Stone Soup version 0.21.1-1-g345015f (webtiles) character file.

67 lotte the Magician (level 4, 0/27 HPs)
             Began as an Octopode Wizard on June 30, 2018.
             Slain by Sigmund
             ... wielding a +0 scythe
              (15 damage)
             ... on level 2 of the Dungeon.
             The game lasted 00:10:14 (2814 turns).

lotte the Magician (Octopode Wizard)                Turns: 2814, Time: 00:10:15

Health: 0/27       AC:  1    Str:  6    XL:     4   Next: 16%
Magic:  5/10       EV: 13    Int: 21    God:
Gold:   89         SH:  0    Dex: 10    Spells: 6/11 levels left

rFire    . . .     SeeInvis .   l - +0 mace
rCold    . . .     Gourm    .   (no shield)
rNeg     . . .     Faith    .   a - +0 hat
rPois    .         Spirit   .   (no amulet)
rElec    .         Reflect  .   (no ring)
rCorr    .         Harm     .   (no ring)
MR       .....                  (no ring)
Stlth    +++.......             (no ring)
HPRegen  0.09/turn              (no ring)
MPRegen  0.12/turn              (no ring)
                                (no ring)
                                (no ring)

@: no status effects
A: almost no armour, stealthy swim, amphibious, 8 rings, constrict 8, camouflage
1, gelatinous body 1
a: no special abilities


You were on level 2 of the Dungeon.
You were very hungry.

You visited 1 branch of the dungeon, and saw 3 of its levels.

You collected 89 gold pieces.

Inventory:

Hand Weapons
 h - a +2 vampiric short sword
 j - a +0 club
 l - a +0 mace (weapon)
Armour
 a - a +0 hat (worn)
Scrolls
 d - a scroll of enchant armour {unknown}
 f - 2 scrolls of blinking {unknown}
 g - 2 scrolls of remove curse {unknown}
 k - a scroll of identify {unknown}
 n - a scroll of random uselessness {unknown}
Potions
 e - a potion of might {unknown}
 i - a potion of haste {unknown}
 m - a potion of brilliance {unknown}
Books
 b - a book of Minor Magic

   Spells                             Type                      Level
   a - Magic Dart                     Conjuration                  1
   b - Blink                          Translocation                2
   c - Call Imp                       Summoning                    2
   d - Slow                           Hexes                        2
   e - Conjure Flame                  Conjuration/Fire             3
   f - Mephitic Cloud                 Conjuration/Poison/Air       3
Comestibles
 c - 2 rations


   Skills:
 - Level 2.0 Dodging
 - Level 2.6 Stealth
 + Level 4.0 Spellcasting
 * Level 2.5 Conjurations
 + Level 1.0 Summonings
   Level 1.0 Translocations


You had 6 spell levels left.
You knew the following spells:

 Your Spells              Type           Power        Failure   Level  Hunger
a - Magic Dart            Conj           ##..         4%          1    None
b - Call Imp              Summ           #.......     12%         2    #......
c - Slow                  Hex            #.......     19%         2    #......


Dungeon Overview and Level Annotations

Branches:
Dungeon (3/15)

Altars:

Annotations:
D:2 Sigmund


Innate Abilities, Weirdness & Mutations

You cannot wear most types of armour.
You are very stealthy in the water. (Stealth+)
You are amphibious.
You can wear up to eight rings at the same time.
You can use your tentacles to constrict eight enemies at once.
Your skin changes colour to match your surroundings (Stealth+).
Your rubbery body absorbs attacks. (AC +1, EV +1)


Message History

Sigmund hits you from afar with a scythe!
Casting: Magic Dart
Confirm with . or Enter, or press ? or * to list all spells.
Aiming: Magic Dart
Press: ? - help, Shift-Dir - straight line, f/p - Sigmund
Aim: Sigmund, wielding a scythe and wearing a robe (lightly wounded)
The magic dart hits Sigmund.
Sigmund is moderately wounded.
Sigmund gestures wildly while chanting.
Sigmund flickers and vanishes!
Deactivating autopickup; reactivate with Ctrl-A.
You swap places.
A magic dart appears from out of thin air!
The magic dart hits your iron imp. Something hits you.
You hear some strange, mumbled words.
Your crimson imp easily resists.
Something hits you!
Ouch! That really hurt!
You die...

# ########### # ##......>..####
#### #.......##....# ...#
########.)........##.## ...#
##......[.....#.##.#...# ...#
#....####....##.##.###.###
#'######....####.....#.#### #...#
#...........#....###.#.# ..####.#
#######.#.###.#.@......#.#.#....#
...#...#.#.55#..###.#.......
#######.#.#.#.#.##.#.#.......
.#..........#.....###.
#.#####.#.####.#.....#...
#...@...#....#....#......
#....###.####.###......... #+####
#...<....# #...<#..รท####. .....#
#.@..###.####.............


You could see a friendly iron imp and a friendly crimson imp.

Vanquished Creatures
  2 adders (D:2)
  A worm (D:2)
  2 dart slugs
  3 leopard geckos
  6 bats (D:1)
  A giant cockroach (D:1)
  2 goblins (D:2)
  3 hobgoblins
  2 ball pythons
  A frilled lizard (D:1)
  10 kobolds
  4 rats
37 creatures vanquished.

Vanquished Creatures (collateral kills)
  An adder (D:2)
1 creature vanquished.

Grand Total: 38 creatures vanquished

Notes
Turn   | Place    | Note
-------+----------+-------------------------------------------
     0 | D:1      | lotte the Octopode Wizard began the quest for the Orb.
     0 | D:1      | Reached XP level 1. HP: 11/11 MP: 4/4
   324 | D:1      | Reached XP level 2. HP: 17/17 MP: 4/6
  1489 | D:1      | Reached XP level 3. HP: 21/21 MP: 5/8
  2000 | D:2      | Reached skill level 4 in Spellcasting
  2171 | D:2      | Learned a level 2 spell: Call Imp
  2174 | D:2      | Learned a level 2 spell: Slow
  2403 | D:2      | Reached XP level 4. HP: 27/27 MP: 6/10
  2524 | D:2      | Noticed Sigmund
  2544 | D:2      | You fall through a shaft!
  2814 | D:2      | Slain by Sigmund

Skill      XL: |  1  2  3 |
---------------+----------+-----
Conjurations   | 2 |  2.5
Spellcasting   | 4 |  4.0
Dodging        | |  2.0
Stealth        | |  2.6
Summonings     | |  1.0
Translocations | |  1.0

Action                   |  1- 3 |  4- 6 || total
-------------------------+-------+-------++-------
Melee: Unarmed           |    11 |       ||    11
       Constrict         |     4 |       ||     4
       Tentacles         |     2 |       ||     2
       Mace              |     5 |       ||     5
 Cast: Magic Dart        |    80 |     8 ||    88
       Call Imp          |     2 |     5 ||     7
  Eat: Ration            |     1 |       ||     1
       Chunk             |     1 |       ||     1
Armor: Skin              |     2 |       ||     2
Dodge: Dodged            |    24 |     1 ||    25
